 Dungeon Crawl Stone Soup version 0.18.1-8-gdd0e5ea (webtiles) character file.

103330 shmeve the Peltast (level 15, 16/146 HPs)
             Began as a Deep Dwarf Fighter on May 24, 2016.
             Was a High Priest of Trog.
             Quit the game on level 4 of the Shoals.
             The game lasted 01:33:12 (20741 turns).

shmeve the Peltast (Deep Dwarf Fighter)            Turns: 20741, Time: 01:33:13

Health: 16/146     AC: 30    Str: 25    XL:     15   Next: 88%
Magic:  5/5        EV:  8    Int: 10    God:    Trog [*****.]
Gold:   1331       SH: 21    Dex: 16    Spells: 0 memorised, 14 levels left

rFire  + . .     SeeInvis .     k - +5 hand axe "Gyareoni" {chop, +Blink Stlth+}
rCold  + . .     Gourm    .     V - +1 gold dragon armour
rNeg   + . .     Faith    .     Q - +0 large shield
rPois  +         Spirit   .     L - +2 helmet
rElec  .         Dismiss  .     b - +2 cloak
rCorr  .         Reflect  .     l - +0 pair of gloves
SustAt .         Harm     .     (no boots)
MR     +++++                    i - amulet of Koirhoascho {Regen+ Dex+4}
Stlth  ..........               y - ring of protection from magic
                                U - +3 ring of protection

@: lethally poisoned (16 -> -23), flying, non-regenerating, almost entirely
resistant to hostile enchantments, extremely unstealthy
A: damage resistance, recharge devices, negative energy resistance 1, sense
surroundings 2, slow regeneration 3
a: Device Recharging, Berserk, Trog's Hand, Brothers in Arms, Burn Spellbooks,
Renounce Religion, Evoke Blink


You were on level 4 of the Shoals.
You worshipped Trog.
Trog was extremely pleased with you.
You were full.

You visited 5 branches of the dungeon, and saw 28 of its levels.

You collected 2728 gold pieces.
You spent 1397 gold pieces at shops.

Inventory:

Hand Weapons
 k - the +5 hand axe "Gyareoni" (weapon) {chop, +Blink Stlth+}
   (You took it off a siren on level 1 of the Shoals)

   It inflicts extra damage upon your enemies.
   It lets you blink.
   It makes you more stealthy.
Armour
 b - a +2 cloak (worn)
 l - a +0 pair of gloves (worn)
 L - a +2 helmet (worn)
 Q - a +0 large shield (worn)
 V - a +1 gold dragon armour (worn)
Jewellery
 i - the amulet of Koirhoascho (around neck) {Regen+ Dex+4}
   (You found it on level 3 of the Shoals)

   [amulet of regeneration]

   It affects your dexterity (+4).
   It increases your rate of regeneration.
 y - a ring of protection from magic (right hand)
 U - a +3 ring of protection (left hand)
Wands
 d - a wand of lightning (6/15)
 e - a wand of heal wounds (0/9)
 q - a wand of paralysis (15/24)
 t - a wand of paralysis (2/24)
 v - a wand of acid (3/15)
 x - a wand of paralysis (12/24)
 A - a wand of disintegration (13/24)
 F - a wand of digging (6/24)
 K - a wand of lightning (7/15)
 P - a wand of lightning (10/15)
 S - a wand of acid (1/15)
 W - a wand of acid (8/15)
 X - a wand of confusion (11/48)
 Y - a wand of lightning (3/15)
 Z - a wand of teleportation (5/9)
Scrolls
 j - 2 scrolls of enchant weapon
 o - 8 scrolls of teleportation
 p - 3 scrolls of blinking
 r - 3 scrolls of magic mapping
 D - 16 scrolls of remove curse
 J - 2 scrolls of fog
 M - 2 scrolls of identify
 N - 5 scrolls of fear
 R - 6 scrolls of recharging
Potions
 c - a potion of mutation {unknown}
 h - 5 potions of brilliance
 m - 3 potions of agility
 n - 2 potions of cancellation {unknown}
 s - 2 potions of ambrosia {unknown}
 u - 2 potions of invisibility {unknown}
 z - 3 potions of flight
 C - 8 potions of curing
 E - 4 potions of haste {unknown}
 G - 2 potions of cure mutation {unknown}
 H - 2 potions of resistance {unknown}
 I - 2 potions of berserk rage {unknown}
 O - 5 potions of might
Miscellaneous
 a - a fan of gales
 w - a stone of tremors
Comestibles
 f - 12 bread rations
 g - 7 beef jerkies
 B - 8 meat rations
 T - 29 fruits


   Skills:
 * Level 12.5 Fighting
 * Level 14.7 Axes
 + Level 11.3 Armour
 + Level 10.3 Dodging
 * Level 15.0 Shields
 + Level 12.7 Evocations


You had 14 spell levels left.
You didn't know any spells.

Dungeon Overview and Level Annotations

Branches:
Dungeon (13/15)            Temple (1/1) D:4            Lair (8/8) D:9
 Shoals (4/4) Lair:3       Spider (0/4) Lair:4        Slime (0/6) Lair:8
    Orc (2/2) D:10            Elf (0/3) Orc:2        Vaults (0/5) D:13

Altars:
Ashenzari
Cheibriados
Elyvilon
Fedhas
Kikubaaqudgha
Nemelex Xobeh
Okawaru
Pakellas
Qazlal
Ru
Sif Muna
Trog
Vehumet
Xom
Yredelemnul
Zin
Beogh
Jiyva

Shops:
D:4 *   D:8 *   D:10 (   D:12 }   Orc:2 [?(*?   Shoals:2 !

Portals:
Trove: D:12 (lose all piety)


Innate Abilities, Weirdness & Mutations

You are resistant to damage.
You can recharge devices by infusing magical energy.
You resist negative energy.
You passively map the area around you.
You do not regenerate naturally.


Message History

You feel very sick. You block the centaur's attack.
The merfolk hits you but does no damage.
You block the merfolk's attack. x2
The snapping turtle bites you but does no damage.
The merfolk javelineer throws a steel javelin.
The steel javelin hits you.
* * * LOW HITPOINT WARNING * * *
You hear a splash.
The faun hits you from afar with a spear!
* * * LOW HITPOINT WARNING * * *
The centaur barely misses you.
Unknown command.
Drink which item? (? for menu, Esc to quit)
Okay, then.
Unknown command.
Drink which item? (? for menu, Esc to quit)
Okay, then.
Unknown command.
Are you sure you want to abandon this character and quit the game? (Confirm with "yes".)

, ,,, ≈≈ ≈ ≈ ≈ ,,
≈≈≈≈≈≈≈≈≈≈≈≈≈≈≈ ≈ , ,
,,..≈≈≈≈≈≈≈≈≈≈≈≈≈ , ,
,....≈≈≈≈≈≈≈≈≈≈≈≈ , ,
, .....≈PP≈≈≈≈≈≈≈.., ,
,, .....≈≈≈≈≈≈P≈≈≈...
, ,
,,...P≈≈P≈≈PmH≈≈≈...,,
, ≈ ,
.?.≈≈≈≈≈Pmmmcc≈≈.≈ ,,
,, ...≈≈≈≈≈≈≈@≈t≈≈≈≈≈≈
,, ,
...≈≈≈≈[≈≈(c≈≈≈≈≈≈ ≈
,, ,
P≈≈≈≈≈P≈≈(P≈≈≈≈≈≈≈ ,
P≈.≈≈P≈≈≈≈≈≈≈≈≈≈≈≈ ≈
≈≈≈≈P()()≈P≈≈≈≈≈≈≈≈≈ ,
≈P≈≈≈≈≈)()PP≈≈≈≈≈≈≈ ≈
PP...≈[P≈≈≈≈≈≈≈≈≈≈≈≈ ≈
........≈≈(≈≈≈≈≈≈≈≈≈
,, , ,
#...........≈≈≈≈≈≈≈≈ ,


You could see a merfolk javelineer, a snapping turtle, 3 merfolk, 2 fauns, a
manticore and a centaur.

Vanquished Creatures
  Norris (D:13)
  Rupert (D:13)
  A vault guard (D:12)
  A merfolk javelineer (Shoals:4)
  2 merfolk impalers
  4 hydras
  A catoblepas (Lair:8)
  A merfolk avatar (Shoals:4)
  Erica (D:10)
  3 centaur warriors (D:13)
  13 death yaks
  Urug (D:11)
  Sonja (D:10)
  The ghost of t3njin the Spear-Bearer, a novice MfGl of Ru (D:7)
  3 sea snakes
  A fire crab (Lair:6)
  A lindwurm (Lair:8)
  2 hill giants
  11 orc knights
  7 harpies
  2 griffons
  3 cyclopes
  6 manticores
  An ugly thing (D:12)
  A deep elf mage (D:13)
  4 fauns
  An elephant (Lair:7)
  Maurice (D:11)
  The ghost of shmeve the Chopper, a novice DDBe of Trog (D:4)
  7 sirens
  A black mamba (Lair:3)
  3 gargoyles
  A water nymph (Shoals:1)
  14 spiny frogs
  4 komodo dragons
  A spriggan druid (Lair:8)
  3 trolls
  15 merfolk
  A wind drake (Shoals:2)
  3 two-headed ogres
  4 polar bears (Lair:8)
  6 slime creatures (D:13)
  9 blink frogs
  5 snapping turtles
  4 redbacks (Lair:8)
  3 wraiths
  Sigmund (D:5)
  2 vampires (D:12)
  57 yaks
  13 spriggans (Lair:8)
  4 water elementals
  4 basilisks
  2 wyverns
  16 humans (D:13)
  2 fire bats (Lair:6)
  A hungry ghost (D:10)
  Eustachio (D:5)
  The ghost of richardnixon the Digger, an amateur DDEE (D:3)
  10 hippogriffs
  A steam dragon (D:8)
  13 wargs
  10 water moccasins
  11 porcupines
  43 orc warriors
  A phantom (D:9)
  4 ice beasts
  5 wasps
  4 black bears
  14 ogres
  6 sky beasts
  A centaur (D:7)
  18 wolves (Lair:8)
  16 crocodiles
  Blork the orc (D:5)
  5 big kobolds
  23 giant frogs
  An elf skeleton (D:8)
  6 scorpions
  13 killer bees
  18 wights
  2 electric eels
  2 vampire bats (Lair:7)
  6 howler monkeys
  4 crimson imps
  4 centaur zombies
  14 orc priests
  8 hounds
  4 giant frog zombies
  2 giant frog skeletons
  4 jellies
  Crazy Yiuf (D:6)
  A human zombie (D:8)
  9 iguanas
  12 worker ants
  23 orc wizards
  A killer bee zombie (D:9)
  17 sheep
  A hound zombie (D:7)
  3 mummies (D:8)
  A howler monkey zombie (D:10)
  Robin (D:3)
  15 adders
  7 gnolls
  52 river rats
  2 shadow imps
  2 adder zombies (D:6)
  6 worms
  A dart slug (D:2)
  5 giant geckos
  88 orcs
  2 ball pythons
  6 giant cockroaches
  10 goblins
  8 hobgoblins
  8 jackals
  3 quokkas
  A ball python zombie (D:5)
  18 bats
  5 giant newts
  A jackal zombie (D:6)
  27 kobolds
  An orc skeleton (D:8)
  An orc zombie (D:8)
  5 rats
  A bush (D:6)
  15 fungi
  10 plants
909 creatures vanquished.

Vanquished Creatures (collateral kills)
  An orc warlord (Orc:1)
  2 orc warriors (Orc:1)
3 creatures vanquished.

Vanquished Creatures (others)
  A killer bee (D:12)
  An orc wizard (Orc:1)
  An adder (D:8)
  15 fungi
  9 plants
27 creatures vanquished.

Grand Total: 939 creatures vanquished

Notes
Turn   | Place    | Note
--------------------------------------------------------------
     0 | D:1      | shmeve the Deep Dwarf Fighter began the quest for the Orb.
     0 | D:1      | Reached XP level 1. HP: 20/20 MP: 1/1
   270 | D:1      | Reached XP level 2. HP: 27/27 MP: 2/2
   823 | D:2      | Reached skill level 1 in Evocations
  1019 | D:2      | Reached XP level 3. HP: 23/34 MP: 3/3
  1579 | D:3      | Noticed Robin
  1589 | D:3      | Killed Robin
  1589 | D:3      | Reached skill level 4 in Shields
  1819 | D:3      | Reached XP level 4. HP: 28/42 MP: 4/4
  1868 | D:3      | Reached skill level 1 in Dodging
  1953 | D:3      | Noticed richardnixon's ghost (amateur DDEE)
  1968 | D:3      | Killed richardnixon's ghost
  1968 | D:3      | Reached XP level 5. HP: 26/50 MP: 6/6
  2299 | D:3      | Found a basalt altar of Yredelemnul.
  2416 | D:3      | Reached XP level 6. HP: 19/57 MP: 7/7
  2580 | D:4      | Noticed shmeve's ghost (novice DDBe)
  2591 | D:4      | Killed shmeve's ghost
  2591 | D:4      | Reached skill level 5 in Shields
  2591 | D:4      | Reached XP level 7. HP: 39/66 MP: 7/9
  2730 | D:4      | Found a snail-covered altar of Cheibriados.
  2730 | D:4      | Found an iron altar of Okawaru.
  2734 | D:4      | Found a sacrificial altar of Ru.
  2818 | D:4      | Found Justefo's General Store.
  2894 | D:4      | Found a staircase to the Ecumenical Temple.
  2926 | Temple   | Entered the Ecumenical Temple
  2970 | Temple   | Became a worshipper of Trog the Wrathful
  3074 | D:4      | Reached skill level 5 in Axes
  3074 | D:4      | Reached skill level 6 in Shields
  3101 | D:4      | Found a shattered altar of Ashenzari.
  3112 | D:4      | Reached XP level 8. HP: 66/73 MP: 8/8
  3404 | D:5      | Entered Level 5 of the Dungeon
  3407 | D:5      | Noticed Eustachio
  3419 | D:5      | Reached skill level 5 in Fighting
  3447 | D:5      | Killed Eustachio
  3576 | D:5      | Found a blossoming altar of Fedhas.
  3775 | D:5      | Noticed Sigmund
  3776 | D:5      | Noticed Blork the orc
  3791 | D:5      | Killed Blork the orc
  3802 | D:5      | Killed Sigmund
  4230 | D:6      | Reached skill level 5 in Armour
  4234 | D:6      | Reached * piety under Trog
  4296 | D:6      | Noticed a troll
  4309 | D:6      | Killed a troll
  4309 | D:6      | Reached skill level 7 in Shields
  4312 | D:6      | Gained mutation: You passively map the area around you. [Deep Dwarf growth]
  4312 | D:6      | Reached XP level 9. HP: 74/82 MP: 10/10
  4361 | D:6      | Reached skill level 5 in Evocations
  4802 | D:6      | Noticed Crazy Yiuf
  4813 | D:6      | Killed Crazy Yiuf
  4859 | D:7      | Noticed t3njin's ghost (novice MfGl)
  4869 | D:7      | Reached ** piety under Trog
  4909 | D:7      | Killed t3njin's ghost
  5045 | D:7      | Reached skill level 8 in Shields
  5519 | D:7      | Reached XP level 10. HP: 56/92 MP: 12/12
  5588 | D:8      | Reached skill level 5 in Dodging
  5769 | D:8      | Found an ancient bone altar of Kikubaaqudgha.
  5982 | D:8      | Found Reromaiwk's General Store.
  5991 | D:8      | Bought a scroll of remove curse for 33 gold pieces
  5991 | D:8      | Bought a scroll of remove curse for 33 gold pieces
  5991 | D:8      | Bought a scroll of identify for 22 gold pieces
  6131 | D:8      | Reached skill level 9 in Shields
  6201 | D:9      | Reached *** piety under Trog
  6271 | D:9      | Found a staircase to the Lair.
  6715 | D:9      | Found a blossoming altar of Fedhas.
  6963 | Lair:1   | Entered Level 1 of the Lair of Beasts
  7036 | Lair:1   | Reached XP level 11. HP: 89/102 MP: 13/13
  7750 | Lair:2   | Reached **** piety under Trog
  7757 | Lair:2   | Reached skill level 10 in Shields
  8243 | Lair:2   | Noticed a four-headed hydra
  8251 | Lair:2   | Killed a four-headed hydra
  8251 | Lair:2   | Reached skill level 10 in Axes
  8824 | Lair:3   | Found a staircase to the Shoals.
  8980 | Lair:3   | Got a distressingly furry scale mail
  8981 | Lair:3   | Identified the +3 scale mail "Jimmup" {SInv} (You found it on level 3 of the Lair of Beasts)
  9237 | Lair:4   | Found a hole to the Spider Nest.
  9589 | Lair:4   | Noticed an eight-headed hydra
  9602 | Lair:4   | Killed an eight-headed hydra
  9602 | Lair:4   | Reached XP level 12. HP: 48/112 MP: 13/13
  9648 | Lair:4   | Reached ***** piety under Trog
  9786 | Lair:5   | Reached skill level 11 in Shields
 10530 | Lair:6   | Noticed a death yak
 10530 | Lair:6   | Noticed a death yak
 10530 | Lair:6   | Noticed a death yak
 10530 | Lair:6   | Noticed a death yak
 10530 | Lair:6   | Noticed a death yak
 10542 | Lair:6   | Killed a death yak
 10542 | Lair:6   | Killed a death yak
 10542 | Lair:6   | Killed a death yak
 10545 | Lair:6   | Killed a death yak
 10551 | Lair:6   | Killed a death yak
 11251 | Lair:7   | Noticed a death yak
 11251 | Lair:7   | Noticed a death yak
 11251 | Lair:7   | Noticed a death yak
 11251 | Lair:7   | Noticed a death yak
 11251 | Lair:7   | Noticed a death yak
 11259 | Lair:7   | Killed a death yak
 11259 | Lair:7   | Reached skill level 12 in Shields
 11263 | Lair:7   | Killed a death yak
 11263 | Lair:7   | Killed a death yak
 11268 | Lair:7   | Killed a death yak
 11270 | Lair:7   | Killed a death yak
 11270 | Lair:7   | Reached XP level 13. HP: 45/123 MP: 13/13
 11290 | Lair:7   | Received a gift from Trog
 11349 | Lair:7   | Reached skill level 10 in Fighting
 11492 | Lair:7   | Reached skill level 10 in Evocations
 12608 | Lair:8   | Entered Level 8 of the Lair of Beasts
 12690 | Lair:8   | Reached ****** piety under Trog
 12971 | Lair:8   | Received a gift from Trog
 12981 | Lair:8   | Reached skill level 13 in Shields
 13481 | Lair:8   | Received a gift from Trog
 13620 | Lair:8   | Found a viscous altar of Jiyva.
 13620 | Lair:8   | Found a staircase to the Slime Pits.
 13702 | Lair:8   | Gained mutation: You resist negative energy. [Deep Dwarf growth]
 13702 | Lair:8   | Reached XP level 14. HP: 115/133 MP: 12/12
 13885 | D:10     | Entered Level 10 of the Dungeon
 13911 | D:10     | Noticed Erica
 13913 | D:10     | Found a staircase to the Orcish Mines.
 13928 | D:10     | Killed Erica
 13991 | D:10     | Noticed Sonja
 13993 | D:10     | Killed Sonja
 14029 | D:10     | Found Meiclian's Antique Weapon Boutique.
 14465 | Orc:1    | Entered Level 1 of the Orcish Mines
 14575 | Orc:1    | Reached skill level 10 in Armour
 14592 | Orc:1    | Noticed an orc warlord
 14604 | Orc:1    | Received a gift from Trog
 14618 | Orc:1    | Killed an orc warlord
 14800 | Orc:1    | Found a roughly hewn altar of Beogh.
 14944 | Orc:2    | Entered Level 2 of the Orcish Mines
 14946 | Orc:2    | Found a staircase to the Elven Halls.
 15098 | Orc:2    | Found a roughly hewn altar of Beogh.
 15156 | Orc:2    | Found Maorph's Weapon Shoppe.
 15159 | Orc:2    | Found Lurem's Assorted Antiques.
 15180 | Orc:2    | Received a gift from Trog
 15190 | Orc:2    | Bought a large shield for 103 gold pieces
 15304 | Orc:2    | Found Woppaenk's Magic Scroll Boutique.
 15316 | Orc:2    | Bought a scroll of identify for 34 gold pieces
 15316 | Orc:2    | Bought a scroll of identify for 34 gold pieces
 15316 | Orc:2    | Bought a scroll of identify for 34 gold pieces
 15316 | Orc:2    | Bought a scroll of blinking for 127 gold pieces
 15316 | Orc:2    | Bought a scroll of blinking for 127 gold pieces
 15316 | Orc:2    | Bought a scroll of teleportation for 51 gold pieces
 15596 | Orc:2    | Found Suapsex's Magic Scroll Boutique.
 15636 | Orc:2    | Bought a scroll of identify for 32 gold pieces
 15636 | Orc:2    | Bought a scroll of identify for 32 gold pieces
 15663 | Orc:2    | Found Feobbublaxt's Antique Armour Shoppe.
 15689 | Orc:2    | Bought a shiny helmet for 175 gold pieces
 16288 | D:11     | Found a shattered altar of Ashenzari.
 16361 | D:11     | Noticed Maurice
 16367 | D:11     | Killed Maurice
 16595 | D:11     | Noticed Urug
 16607 | D:11     | Killed Urug
 17098 | D:12     | Reached skill level 14 in Shields
 17368 | D:12     | Found Eheat's Gadget Shoppe.
 17375 | D:12     | Bought a wand of disintegration (13/24) for 306 gold pieces
 17411 | D:12     | Bought a wand of confusion (11/48) for 174 gold pieces
 17488 | D:12     | Found a portal to a secret trove of treasure.
 17712 | D:13     | Found a gate to the Vaults.
 17712 | D:13     | Noticed Rupert
 17712 | D:13     | Noticed Norris
 17727 | D:13     | Killed Rupert
 17727 | D:13     | Reached XP level 15. HP: 144/144 MP: 9/9
 17730 | D:13     | Received a gift from Trog
 17753 | D:13     | Killed Norris
 18405 | D:13     | Reached skill level 10 in Dodging
 18926 | Shoals:1 | Entered Level 1 of the Shoals
 19297 | Shoals:1 | Got a blackened hand axe {chop}
 19299 | Shoals:1 | Identified the +5 hand axe "Gyareoni" {chop, +Blink Stlth+} (You took it off a siren on level 1 of the Shoals)
 19327 | Shoals:1 | Received a gift from Trog
 19596 | Shoals:2 | Found Xiexzom's Distillery.
 19632 | Shoals:2 | Bought a potion of heal wounds for 80 gold pieces
 20154 | Shoals:3 | Got a glittering zirconium amulet
 20513 | Shoals:3 | Identified the amulet of Koirhoascho {Regen+ Dex+4} (You found it on level 3 of the Shoals)
 20520 | Shoals:4 | Entered Level 4 of the Shoals
 20603 | Shoals:4 | Reached skill level 15 in Shields
 20736 | Shoals:4 | HP: 7/146 [poisoned by a sea snake]
 20741 | Shoals:4 | Quit the game

Skill      XL: |  1  2  3  4  5  6  7  8  9 10 11 12 13 14 15 |
---------------+----------------------------------------------+-----
Fighting       | 3 4 5 6 7 8 9 10 11 12 | 12.5
Evocations     | 1 2 3 4 6 7 8 9 10 11 12 | 12.7
Shields        | 4 5 6 7 8 9 10 12 13 14 15 | 15.0
Dodging        | 1 2 3 4 5 7 8 9 10 | 10.3
Axes           | 3 4 5 6 7 9 10 11 12 13 14 | 14.7
Armour         | 4 5 6 7 8 9 10 11 | 11.3

Action                   |  1- 3 |  4- 6 |  7- 9 | 10-12 | 13-15 || total
-------------------------+-------+-------+-------+-------+-------++-------
Melee: War axe           |   129 |   122 |   470 |   702 |  1255 ||  2678
       Hand axe          |       |       |       |       |   504 ||   504
Invok: Berserk           |       |       |     2 |     3 |     9 ||    14
       Trog's Hand       |       |       |     1 |     3 |    16 ||    20
       Burn Spellbooks   |       |       |       |     5 |     4 ||     9
 Abil: Device Recharging |       |       |     2 |     5 |    12 ||    19
Evoke: Wand              |     1 |     3 |    13 |    95 |   109 ||   221
       Stone of tremors  |       |       |       |       |     1 ||     1
  Use: Potion            |       |     1 |     1 |       |     6 ||     8
       Scroll            |       |       |    13 |    18 |    11 ||    42
 Stab: Paralysed         |       |       |       |       |    11 ||    11
       Distracted        |       |       |       |       |     2 ||     2
  Eat: Chunk             |     3 |     3 |    12 |    22 |    72 ||   112
       Fruit             |       |       |       |     6 |     3 ||     9
       Pizza             |       |       |       |       |     2 ||     2
       Royal jelly       |       |       |       |       |     1 ||     1
Armor: Scale mail        |    72 |    54 |    66 |       |       ||   192
       Plate armour      |       |       |   149 |   199 |       ||   348
       Gold dragon armou |       |       |       |   139 |   757 ||   896
Dodge: Dodged            |    53 |    36 |   130 |   148 |   325 ||   692
Block: Shield            |   111 |    99 |   353 |   480 |   582 ||  1625
       Large shield      |       |       |       |       |   902 ||   902
